 Dungeon Crawl Stone Soup version 0.22-a0-422-g9628fc8 (webtiles) character file.

606 raistware the Magician (level 7, -8/46 HPs)
             Began as a Mummy Wizard on May 17, 2018.
             Mangled by an ogre
             ... wielding a +0 giant club
              (24 damage)
             ... on level 4 of the Dungeon.
             The game lasted 00:11:08 (4168 turns).

raistware the Magician (Mummy Wizard)               Turns: 4168, Time: 00:11:08

Health: -8/46      AC:  4    Str: 10    XL:     7   Next: 19%
Magic:  3/15       EV: 12    Int: 19    God:
Gold:   215        SH:  4    Dex: 11    Spells: 6/17 levels left

rFire    x . .     SeeInvis .   s - +5 long sword "Tiucvana" {elec, *Drain rElec rN+}
rCold    + . .     Gourm    .   i - +0 buckler
rNeg     + + +     Faith    .   a - +0 robe
rPois    ∞         Spirit   .   b - +0 hat
rElec    +         Reflect  .   (no cloak)
rCorr    .         Harm     .   e - +0 pair of gloves
MR       .....                  k - +0 pair of boots
Stlth    +.........             (no amulet)
HPRegen  0.15/turn              g - ring of loudness (curse)
MPRegen  0.14/turn              o - +1 ring of evasion

@: very slightly contaminated
A: no food or potions, fire vulnerability, cold resistance 1, negative energy
resistance 3, torment resistance, unbreathing
a: no special abilities


You were on level 4 of the Dungeon.
You were not hungry.

You visited 1 branch of the dungeon, and saw 4 of its levels.

You collected 215 gold pieces.

Inventory:

Hand Weapons
 c - a +0 dagger
 s - the +5 long sword "Tiucvana" (weapon) {elec, *Drain rElec rN+}
   (You found it on level 4 of the Dungeon)

   Occasionally, upon striking a foe, it will discharge some electrical energy
   and cause terrible harm.
   It insulates you from electricity.
   It protects you from negative energy.
   It causes draining when unequipped.
Armour
 a - a +0 robe (worn)
 b - a +0 hat (worn)
 e - a +0 pair of gloves (worn)
 i - a +0 buckler (worn)
 k - a +0 pair of boots (worn)
Jewellery
 g - a cursed ring of loudness (left hand)
 l - an uncursed ring of see invisible
 o - a +1 ring of evasion (right hand)
Scrolls
 d - 10 scrolls of identify {unknown}
 f - 2 scrolls of enchant weapon {unknown}
 h - 2 scrolls of magic mapping {unknown}
 j - 2 scrolls of blinking {unknown}
 m - a scroll of fear {unknown}
 n - 2 scrolls of enchant armour {unknown}
 p - a scroll of amnesia {unknown}
 q - a scroll of remove curse {unknown}
 r - a scroll of random uselessness {unknown}
 t - a scroll of teleportation {unknown}


   Skills:
 - Level 1.5 Dodging
 - Level 1.5 Stealth
 + Level 2.6 Shields
 + Level 5.8 Spellcasting
 + Level 3.8 Conjurations
 - Level 1.0 Summonings
 - Level 1.0 Translocations
 + Level 2.6 Fire Magic


You had 6 spell levels left.
You knew the following spells:

 Your Spells              Type           Power        Failure   Level  Hunger
a - Magic Dart            Conj           ###.         2%          1    N/A
b - Blink                 Tloc           N/A          14%         2    N/A
c - Call Imp              Summ           #.......     14%         2    N/A
d - Conjure Flame         Conj/Fire      ###.....     11%         3    N/A
e - Mephitic Cloud        Conj/Pois/Air  ##......     24%         3    N/A

Your spell library contained the following spells:

 Spells                   Type           Power        Failure   Level  Hunger
 Slow                     Hex            #.......     21%         2    N/A

Dungeon Overview and Level Annotations

Branches:
Dungeon (4/15)
 Temple: D:4-7

Altars:
Ashenzari
Fedhas
Nemelex Xobeh
Ru


Innate Abilities, Weirdness & Mutations

You do not eat or drink.
Your flesh is vulnerable to fire.
You are immune to poison.
Your flesh is cold resistant. (rC+)
You are immune to negative energy. (rN+++)
You are immune to unholy pain and torment.
You can survive without breathing.


Message History

You barely miss the ogre. The ogre closely misses you.
You barely miss the ogre. The ogre hits you with a giant club!
You barely miss the ogre. The ogre barely misses you.
You slash the ogre!
The ogre is moderately wounded.
The ogre hits you with a giant club!!
You hit the ogre.
The ogre is moderately wounded.
The ogre barely misses you.
Casting: Mephitic Cloud (safe; 24% risk of failure)
Confirm with . or Enter, or press ? or * to list all spells.
You don't have enough magic to cast that spell.
The ogre barely misses you.
Things that are here:
a giant cockroach corpse; a worm corpse; an adder corpse You slash the ogre!
The ogre is severely wounded.
The ogre hits you with a giant club!!
Ouch! That really hurt!
You die...

.........
......$ .....)
..... #... #..
# #.# ##.. #O#
..... #@# .#
###.# ## #..##
##.. #..# ....#
#..# ....# #..#
.)..#
#..############
....#
#..##.........#
....##
#..##.........#


You could see an ogre.

Vanquished Creatures
  Sigmund (D:4)
  3 ogres (D:4)
  An orc priest (D:3)
  2 worker ants
  Robin (D:4)
  4 adders
  4 oozes
  5 worms
  3 dart slugs
  5 leopard geckos
  3 orcs (D:3)
  A ball python (D:2)
  7 giant cockroaches
  15 goblins
  8 hobgoblins
  4 jackals (D:2)
  15 kobolds
  A ball python skeleton (D:4)
  4 bats
  4 frilled lizards
  4 rats
95 creatures vanquished.

Notes
Turn   | Place    | Note
-------+----------+-------------------------------------------
     0 | D:1      | raistware the Mummy Wizard began the quest for the Orb.
     0 | D:1      | Reached XP level 1. HP: 13/13 MP: 5/5
     4 | D:1      | Reached skill level 1 in Conjurations
   305 | D:1      | Reached XP level 2. HP: 17/19 MP: 2/7
   313 | D:1      | Learned a level 2 spell: Blink
   316 | D:1      | Learned a level 2 spell: Call Imp
   911 | D:1      | Reached XP level 3. HP: 22/24 MP: 2/8
   916 | D:1      | Learned a level 3 spell: Conjure Flame
  1662 | D:2      | Reached skill level 1 in Summonings
  1781 | D:2      | Reached skill level 1 in Translocations
  1820 | D:2      | Reached XP level 4. HP: 28/30 MP: 0/10
  1912 | D:2      | Learned a level 3 spell: Mephitic Cloud
  2204 | D:2      | Found a blossoming altar of Fedhas.
  2443 | D:3      | Found a sparkling altar of Nemelex Xobeh.
  2505 | D:3      | Found a shattered altar of Ashenzari.
  2553 | D:3      | Found a sacrificial altar of Ru.
  2790 | D:3      | Reached skill level 1 in Shields
  2862 | D:3      | Reached skill level 1 in Fire Magic
  2862 | D:3      | Reached XP level 5. HP: 32/35 MP: 1/11
  3692 | D:4      | Noticed an ogre
  3702 | D:4      | Killed an ogre
  3702 | D:4      | Reached skill level 5 in Spellcasting
  3720 | D:4      | Got a dazzling long sword
  3724 | D:4      | Identified the +5 long sword "Tiucvana" {elec, *Drain rElec rN+} (You found it on level 4 of the Dungeon)
  3799 | D:4      | Noticed an ogre
  3800 | D:4      | Noticed an ogre
  3834 | D:4      | Reached XP level 6. HP: 36/41 MP: 1/13
  3962 | D:4      | Noticed Robin
  3968 | D:4      | Killed Robin
  4037 | D:4      | Noticed Sigmund
  4056 | D:4      | Killed Sigmund
  4056 | D:4      | Reached XP level 7. HP: 41/46 MP: 11/15
  4168 | D:4      | Mangled by an ogre

Vault maps used:
D:1:      onia_arrival_mini_spirals
D:2:      fedhas_altar_2
D:3:      overflow_temple_1_default, cheibrodos_ashenzari_chains,
          hangedman_ru_absence
D:4:      grunt_temple_overflow_growth_and_decay, uniq_sigmund, uniq_robin

Skill      XL: |  1  2  3  4  5  6 |
---------------+-------------------+-----
Conjurations   | 1 2 3 |  3.8
Summonings     | 1 |  1.0
Translocations | 1 |  1.0
Shields        | 1 2 |  2.6
Fire Magic     | 1 2 |  2.6
Spellcasting   | 5 |  5.8
Dodging        | |  1.5
Stealth        | |  1.5

Action                   |  1- 3 |  4- 6 |  7- 9 || total
-------------------------+-------+-------+-------++-------
Melee: Dagger            |    15 |    42 |       ||    57
       Long sword        |       |    35 |    14 ||    49
 Cast: Magic Dart        |   100 |   107 |       ||   207
       Conjure Flame     |     2 |     2 |     2 ||     6
       Mephitic Cloud    |       |     4 |     2 ||     6
       Call Imp          |       |     1 |       ||     1
 Stab: Confused          |       |     1 |     1 ||     2
Armor: Robe              |     8 |    24 |     1 ||    33
Dodge: Dodged            |    25 |    68 |    10 ||   103
Block: Buckler           |     1 |    23 |     1 ||    25
       Rpst.: Long sword |       |     7 |     3 ||    10

Table legend:
 A = Spawn XP
 B = Non-spawn XP
 C = Spawn XP percentage of total XP
 D = Spawn monster count
 E = Non-spawn monster count
 F = Spawn count percentage of total count
 G = Total turns spent on level
                    A         B        C        D         E        F      G
               +---------+---------+-------+---------+---------+-------+---------
         Total |       0 |     866 |   0.0 |       0 |      95 |   0.0 |  4168
               +---------+---------+-------+---------+---------+-------+---------
           D:1 |       0 |      63 |   0.0 |       0 |      31 |   0.0 |  1549
           D:2 |       0 |      63 |   0.0 |       0 |      22 |   0.0 |   894
           D:3 |       0 |     125 |   0.0 |       0 |      17 |   0.0 |  1246
           D:4 |       0 |     615 |   0.0 |       0 |      25 |   0.0 |   479
               +---------+---------+-------+---------+---------+-------+---------
